SNL (28 & UNDER)
WEST PALM REDS @ KEY WEST BARRACUDAS
06/28/2023
 
TOP OF THE 1ST
West Palm Reds batting - Pitching for Key West Barracudas : RHP Cade Baird
Pitching: RHP Cade Baird
Batting: SHB Francis Shaffer 0-0: Swinging Strike
0-1: Foul Ball, location: 2F
0-2: Strikes out swinging
Batting: RHB Juan Vareas 0-0: Ball
1-0: Called Strike
1-1: Ball
2-1: SINGLE (Flyball, 89S)
Batting: LHB Enrique Cortéz 0-0: Fly out, F7 (Line Drive, 7S)
Batting: LHB Jeff McKinney 0-0: Called Strike
0-1: Ball
1-1: Called Strike
1-2: Ball
2-2: Foul Ball, location: 2F
2-2: Ball
3-2: Strikes out swinging
Top of the 1st over - 0 run(s), 1 hit(s), 0 error(s), 1 left on base; West Palm 0 - Key West 0
BOTTOM OF THE 1ST
Key West Barracudas batting - Pitching for West Palm Reds : RHP Manabu Mizuno
Pitching: RHP Manabu Mizuno
Batting: RHB Luis Pineda 0-0: Swinging Strike
0-1: Called Strike
0-2: Ball
1-2: Foul Ball, location: 2F
1-2: Ground out 4-3 (Groundball, 4)
Batting: SHB Patrick Larson 0-0: Fly out, F7 (Flyball, 7D)
Batting: RHB Zander Tremblett 0-0: Called Strike
0-1: Fly out, F5 (Popup, 5F)
Bottom of the 1st over - 0 run(s), 0 hit(s), 0 error(s), 0 left on base; West Palm 0 - Key West 0
TOP OF THE 2ND
West Palm Reds batting - Pitching for Key West Barracudas : RHP Cade Baird
Batting: SHB Todd Smith 0-0: Foul Ball, location: 2F
0-1: Called Strike
0-2: Ball
1-2: SINGLE (Line Drive, 7S)
Batting: RHB Jack Ray 0-0: Ball
1-0: Fly out, F9 (Flyball, 89M)
Batting: LHB Jeff Doss 0-0: Ball
1-0: Ball
Single, Error in OF, E8, batter to second base
Todd Smith to third
Batting: LHB Bill Smith 0-0: Called Strike
0-1: Ground out 1-3 (Groundball, 15)
Batting: SHB Alex Hayes 0-0: Called Strike
0-1: Ball
1-1: Ball
2-1: Called Strike
2-2: Ball
3-2: Base on Balls
Batting: SHB Francis Shaffer 0-0: Fly out, F6 (Popup, 56)
Top of the 2nd over - 0 run(s), 2 hit(s), 1 error(s), 3 left on base; West Palm 0 - Key West 0
BOTTOM OF THE 2ND
Key West Barracudas batting - Pitching for West Palm Reds : RHP Manabu Mizuno
Batting: RHB Carlos Miranda 0-0: Foul Ball, location: 2F
0-1: Foul Ball, location: 2F
0-2: Ball
1-2: Ground out 4-3 (Groundball, 4M)
Batting: RHB Luther Stoffels 0-0: Ball
1-0: Ball
2-0: Called Strike
2-1: Fly out, F8 (Popup, 8LS)
Batting: LHB Jake Wells 0-0: Ball
1-0: Ball
2-0: Called Strike
2-1: Called Strike
2-2: Fly out, F7 (Flyball, 78M)
Bottom of the 2nd over - 0 run(s), 0 hit(s), 0 error(s), 0 left on base; West Palm 0 - Key West 0
TOP OF THE 3RD
West Palm Reds batting - Pitching for Key West Barracudas : RHP Cade Baird
Batting: RHB Juan Vareas 0-0: Ball
1-0: Swinging Strike
1-1: Called Strike
1-2: Ball
2-2: Ground out 3-1 (Groundball, 3)
Batting: LHB Enrique Cortéz 0-0: Called Strike
0-1: Ball
1-1: Ball
2-1: Fly out, F9 (Flyball, 89XD)
Batting: LHB Jeff McKinney 0-0: Called Strike
0-1: DOUBLE (Line Drive, 9LS)
Batting: SHB Todd Smith 0-0: Ball
1-0: SINGLE (Groundball, 4S)
Jeff McKinney to third
Runner from 3rd tries for Home, SAFE, no throw or cutoff
Batting: RHB Jack Ray 0-0: Ball
1-0: Ball
2-0: Ball
3-0: Called Strike
3-1: Called Strike
3-2: Foul Ball, location: 2F
3-2: DOUBLE (Line Drive, 9LS)
Todd Smith to third
Todd Smith scores
Batting: LHB Jeff Doss 0-0: Ball
1-0: Ball
2-0: Called Strike
2-1: Ball
3-1: Fly out, F6 (Popup, 6D)
Top of the 3rd over - 2 run(s), 3 hit(s), 0 error(s), 1 left on base; West Palm 2 - Key West 0
BOTTOM OF THE 3RD
Key West Barracudas batting - Pitching for West Palm Reds : RHP Manabu Mizuno
Batting: RHB Kenny Cole 0-0: Foul Ball, location: 2F
0-1: Ball
1-1: Foul Ball, location: 2F
1-2: Strikes out swinging
Batting: RHB Alfredo Pineda 0-0: Ball
1-0: Called Strike
1-1: Swinging Strike
1-2: Strikes out swinging
Batting: RHB Dan Craft 0-0: Foul Ball, location: 2F
0-1: Fly out, F7 (Flyball, 7M)
Bottom of the 3rd over - 0 run(s), 0 hit(s), 0 error(s), 0 left on base; West Palm 2 - Key West 0
TOP OF THE 4TH
West Palm Reds batting - Pitching for Key West Barracudas : RHP Cade Baird
Batting: LHB Bill Smith 0-0: Called Strike
0-1: Foul Ball, location: 2F
0-2: Strikes out swinging
Batting: SHB Alex Hayes 0-0: Called Strike
0-1: Ball
1-1: Ground out 5-3 (Groundball, 15S)
Batting: SHB Francis Shaffer 0-0: Swinging Strike
0-1: Ball
1-1: Ball
2-1: Ball
3-1: SINGLE (Groundball, 56D)
Batting: RHB Juan Vareas 0-0: Ball
1-0: Called Strike
1-1: Fly out, F9 (Flyball, 9M)
Top of the 4th over - 0 run(s), 1 hit(s), 0 error(s), 1 left on base; West Palm 2 - Key West 0
BOTTOM OF THE 4TH
Key West Barracudas batting - Pitching for West Palm Reds : RHP Manabu Mizuno
Batting: RHB Luis Pineda 0-0: Foul Ball, location: 2F
0-1: Ball
1-1: Ground out 4-3 (Groundball, 4)
Batting: SHB Patrick Larson 0-0: Foul Ball, location: 2F
0-1: Ball
1-1: Called Strike
1-2: Ball
2-2: SINGLE (Line Drive, 7LS)
Batting: RHB Zander Tremblett 0-0: Called Strike
0-1: Ball
1-1: Ball
2-1: Foul Ball, location: 2F
2-2: Ball
3-2: 2-RUN HOME RUN (Flyball, 8LXD), Distance : 430 ft
Batting: RHB Carlos Miranda 0-0: Ball
1-0: Called Strike
1-1: Called Strike
1-2: Strikes out swinging
Batting: RHB Luther Stoffels 0-0: Called Strike
0-1: Foul Ball, location: 2F
0-2: Ball
1-2: Ball
2-2: Ball
3-2: Fly out, F5 (Line Drive, 5S)
Bottom of the 4th over - 2 run(s), 2 hit(s), 0 error(s), 0 left on base; West Palm 2 - Key West 2
TOP OF THE 5TH
West Palm Reds batting - Pitching for Key West Barracudas : RHP Cade Baird
Batting: LHB Enrique Cortéz 0-0: Ball
1-0: Called Strike
1-1: Fly out, F8 (Flyball, 8RS)
Batting: LHB Jeff McKinney 0-0: Ball
1-0: Ball
2-0: Foul Ball, location: 2F
2-1: Foul Ball, location: 2F
2-2: Ball
3-2: Foul Ball, location: 2F
3-2: Foul Ball, location: 2F
3-2: Base on Balls
Pitching: RHP José García
Batting: SHB Todd Smith 0-0: Ball
1-0: Called Strike
1-1: Hit by Pitch
Jeff McKinney to second
Batting: RHB Jack Ray 0-0: Called Strike
0-1: Called Strike
0-2: Foul Ball, location: 2F
0-2: Ball
1-2: Foul Ball, location: 2F
1-2: Strikes out looking
Batting: LHB Jeff Doss 0-0: Swinging Strike
0-1: Ball
1-1: Ball
2-1: Foul Ball, location: 2F
2-2: Foul Ball, location: 2F
2-2: Ball
3-2: Strikes out looking
Top of the 5th over - 0 run(s), 0 hit(s), 0 error(s), 2 left on base; West Palm 2 - Key West 2
BOTTOM OF THE 5TH
Key West Barracudas batting - Pitching for West Palm Reds : RHP Manabu Mizuno
Batting: LHB Jake Wells 0-0: Called Strike
0-1: Called Strike
0-2: Ball
1-2: Ball
2-2: Ball
3-2: Foul Ball, location: 2F
3-2: Strikes out swinging
Batting: RHB Kenny Cole 0-0: Ball
1-0: Ball
2-0: SINGLE (Line Drive, 6MD)
Batting: RHB Alfredo Pineda 0-0: Called Strike
0-1: Called Strike
0-2: Fly out, F3 (Popup, 3DF)
Batting: RHB Dan Craft 0-0: Called Strike
0-1: Called Strike
0-2: Ball
1-2: Foul Ball, location: 2F
1-2: Strikes out swinging
Bottom of the 5th over - 0 run(s), 1 hit(s), 0 error(s), 1 left on base; West Palm 2 - Key West 2
TOP OF THE 6TH
West Palm Reds batting - Pitching for Key West Barracudas : RHP José García
Batting: LHB Bill Smith 0-0: Called Strike
0-1: Ball
1-1: Called Strike
1-2: Strikes out looking
Batting: SHB Alex Hayes 0-0: Ball
1-0: Swinging Strike
1-1: Ground out 6-3 (Groundball, 6MS)
Batting: SHB Francis Shaffer 0-0: Called Strike
0-1: Ball
1-1: Ball
2-1: Foul Ball, location: 2F
2-2: Fly out, F3 (Popup, 23F)
Top of the 6th over - 0 run(s), 0 hit(s), 0 error(s), 0 left on base; West Palm 2 - Key West 2
BOTTOM OF THE 6TH
Key West Barracudas batting - Pitching for West Palm Reds : RHP Manabu Mizuno
Batting: RHB Luis Pineda 0-0: DOUBLE (Line Drive, 89S)
Batting: SHB Patrick Larson 0-0: Ball
1-0: Ball
2-0: Swinging Strike
2-1: Foul Ball, location: 2F
2-2: Fly out, F7 (Flyball, 78M)
Batting: RHB Zander Tremblett 0-0: Intentional Walk
Pitching: RHP Carlos Gonzáles
Batting: RHB Carlos Miranda 0-0: Swinging Strike
0-1: Fielders Choice at 3rd, U5 (Groundball, 5L)
Zander Tremblett to second
Batting: RHB Luther Stoffels 0-0: Called Strike
0-1: Ball
1-1: Foul Ball, location: 2F
1-2: Strikes out looking
Bottom of the 6th over - 0 run(s), 1 hit(s), 0 error(s), 2 left on base; West Palm 2 - Key West 2
TOP OF THE 7TH
West Palm Reds batting - Pitching for Key West Barracudas : RHP José García
Batting: RHB Juan Vareas 0-0: Ball
1-0: Ball
2-0: Ball
3-0: Called Strike
3-1: Foul Ball, location: 2F
3-2: Fly out, F8 (Flyball, 8LM)
Pitching: LHP Lynn White
Pinch Hitting: RHB Carlos García 0-0: Ball
1-0: Ground out 5-3 (Groundball, 56)
Pitching: RHP Steven O'Brien
Batting: LHB Jeff McKinney 0-0: Ball
1-0: Ball
2-0: Ball
3-0: Base on Balls
Batting: SHB Todd Smith 0-0: Ball
Jeff McKinney steals 2nd base
1-0: Ball
2-0: Called Strike
2-1: Called Strike
2-2: SINGLE (Groundball, 5S) (infield hit)
Jeff McKinney to third
Batting: RHB Jack Ray 0-0: Called Strike
0-1: Fly out, F9 (Flyball, 9LM)
Top of the 7th over - 0 run(s), 1 hit(s), 0 error(s), 2 left on base; West Palm 2 - Key West 2
BOTTOM OF THE 7TH
Key West Barracudas batting - Pitching for West Palm Reds : RHP Carlos Gonzáles
Now at 1B: Carlos García
Pinch Hitting: LHB Dillon Beck 0-0: Ball
1-0: Called Strike
1-1: Called Strike
1-2: Ground out 4-3 (Groundball, 4M)
Batting: RHB Kenny Cole 0-0: Ball
1-0: Ground out 5-3 (Groundball, 56)
Pinch Hitting: LHB Víctor Acevedo 0-0: Ball
1-0: Called Strike
1-1: Ball
2-1: Foul Ball, location: 2F
2-2: Foul Ball, location: 2F
2-2: Ball
3-2: Strikes out looking
Bottom of the 7th over - 0 run(s), 0 hit(s), 0 error(s), 0 left on base; West Palm 2 - Key West 2
TOP OF THE 8TH
West Palm Reds batting - Pitching for Key West Barracudas : RHP Steven O'Brien
Now at 1B: Dillon Beck
Now at 3B: Rodney Birling
Batting: LHB Jeff Doss 0-0: Called Strike
0-1: Ground out 1-3 (Groundball, 15S)
Batting: LHB Bill Smith 0-0: Called Strike
0-1: SINGLE (Line Drive, 89S)
Pinch Runner at 1st Jermaine Carter:
Batting: SHB Alex Hayes 0-0: Called Strike
0-1: Called Strike
0-2: Ball
1-2: Ball
2-2: Hit by Pitch
Jermaine Carter to second
Pinch Hitting: RHB Juan López 0-0: Called Strike
Alex Hayes is caught stealing 2nd base
0-1: Swinging Strike
0-2: Ball
1-2: Strikes out swinging
Top of the 8th over - 0 run(s), 1 hit(s), 0 error(s), 1 left on base; West Palm 2 - Key West 2
BOTTOM OF THE 8TH
Key West Barracudas batting - Pitching for West Palm Reds : RHP Carlos Gonzáles
Now at 3B: Ánibal Martínez
Now in CF: Jermaine Carter
Batting: RHB Dan Craft 0-0: Ball
1-0: Foul Ball, location: 2F
1-1: Ball
2-1: Foul Ball, location: 2F
2-2: Strikes out swinging
Pitching: RHP Dave Woods
Pinch Hitting: LHB Arturo López 0-0: Swinging Strike
0-1: Called Strike
0-2: Strikes out swinging
Batting: SHB Patrick Larson 0-0: Foul Ball, location: 2F
0-1: Foul Ball, location: 2F
0-2: Ball
1-2: Foul Ball, location: 2F
1-2: Strikes out looking
Bottom of the 8th over - 0 run(s), 0 hit(s), 0 error(s), 0 left on base; West Palm 2 - Key West 2
TOP OF THE 9TH
West Palm Reds batting - Pitching for Key West Barracudas : RHP Steven O'Brien
Pitching: RHP Charlie Alexander
Now at SS: Ramiro Gámez
Batting: RHB Juan Vareas 0-0: Ball
1-0: Foul Ball, location: 2F
1-1: Ground out 4-3 (Groundball, 34)
Batting: RHB Carlos García 0-0: Ball
1-0: Foul Ball, location: 2F
1-1: Foul Ball, location: 2F
1-2: Ball
2-2: Foul Ball, location: 2F
2-2: Ball
3-2: Foul Ball, location: 2F
3-2: Foul Ball, location: 2F
3-2: Ground out 6-3 (Groundball, 6)
Batting: LHB Jeff McKinney 0-0: Ball
1-0: Called Strike
1-1: Foul Ball, location: 2F
1-2: Strikes out looking
Top of the 9th over - 0 run(s), 0 hit(s), 0 error(s), 0 left on base; West Palm 2 - Key West 2
BOTTOM OF THE 9TH
Key West Barracudas batting - Pitching for West Palm Reds : RHP Dave Woods
Pitching: RHP Kei Hashimoto
Batting: RHB Zander Tremblett 0-0: Called Strike
0-1: Foul Ball, location: 2F
0-2: Fly out, F8 (Flyball, 8LM)
Batting: RHB Carlos Miranda 0-0: Fly out, F8 (Flyball, 8RD)
Batting: RHB Luther Stoffels 0-0: Ball
1-0: Foul Ball, location: 2F
1-1: Ball
2-1: Fly out, F8 (Flyball, 8LM)
Bottom of the 9th over - 0 run(s), 0 hit(s), 0 error(s), 0 left on base; West Palm 2 - Key West 2
TOP OF THE 10TH
West Palm Reds batting - Pitching for Key West Barracudas : RHP Charlie Alexander
Batting: SHB Todd Smith 0-0: Ball
1-0: Ground out 4-3 (Groundball, 4M)
Batting: RHB Jack Ray 0-0: Ball
1-0: Ball
2-0: Ground out 4-3 (Groundball, 13)
Batting: LHB Jeff Doss 0-0: Called Strike
0-1: Ball
1-1: Ball
2-1: Fly out, F7 (Flyball, 7S)
Top of the 10th over - 0 run(s), 0 hit(s), 0 error(s), 0 left on base; West Palm 2 - Key West 2
BOTTOM OF THE 10TH
Key West Barracudas batting - Pitching for West Palm Reds : RHP Kei Hashimoto
Batting: LHB Dillon Beck 0-0: Ball
1-0: Ball
2-0: DOUBLE (Flyball, 7LD)
Batting: RHB Kenny Cole 0-0: Intentional Walk
Batting: SHB Rodney Birling 0-0: Fly out, F6 (Popup, 6MD)
Batting: RHB Dan Craft 0-0: Ball
1-0: SINGLE (Groundball, 56)
Dillon Beck to third
Kenny Cole to second
Runner from 3rd tries for Home, throw and OUT!
Kenny Cole to third
Dan Craft to second
Pinch Hitting: LHB Daniel Byrd 0-0: Ball
1-0: Ground out 6-3 (Groundball, 6)
Bottom of the 10th over - 0 run(s), 2 hit(s), 0 error(s), 2 left on base; West Palm 2 - Key West 2
TOP OF THE 11TH
West Palm Reds batting - Pitching for Key West Barracudas : RHP Charlie Alexander
Pitching: RHP Carlos Molina
Now at 2B: Héctor Jiménez
Pinch Hitting: LHB Raúl Cordero 0-0: Called Strike
0-1: Called Strike
0-2: Ball
1-2: Strikes out swinging
Pinch Hitting: LHB Manny Ortíz 0-0: Foul Ball, location: 2F
0-1: Swinging Strike
0-2: Ball
1-2: Foul Ball, location: 2F
1-2: TRIPLE (Line Drive, 8RXD)
Pinch Hitting: RHB Félix García 0-0: Called Strike
0-1: Called Strike
0-2: Ground out 5-3 (Groundball, 5D)
Batting: RHB Juan Vareas 0-0: Called Strike
0-1: SINGLE (Flyball, 8RS)
Manny Ortíz scores
Batting: RHB Carlos García 0-0: Called Strike
0-1: Ball
1-1: Called Strike
1-2: Ball
2-2: Ball
3-2: Strikes out swinging
Top of the 11th over - 1 run(s), 2 hit(s), 0 error(s), 1 left on base; West Palm 3 - Key West 2
BOTTOM OF THE 11TH
Key West Barracudas batting - Pitching for West Palm Reds : RHP Kei Hashimoto
Pitching: RHP Javier Valenzuela
Now at C: Manny Ortíz
Now at 1B: Félix García
Now in CF: Ezechiele Bruno
Batting: SHB Patrick Larson 0-0: Ball
1-0: Ball
2-0: Ball
3-0: Called Strike
3-1: Called Strike
3-2: Fly out, F8 (Flyball, 8LM)
Batting: RHB Zander Tremblett 0-0: Ball
1-0: Fly out, F9 (Flyball, 89M)
Batting: RHB Carlos Miranda 0-0: Ball
1-0: Called Strike
1-1: SINGLE (Flyball, 9LS)
Batting: RHB Luther Stoffels 0-0: Ball
1-0: Ball
2-0: Foul Ball, location: 2F
2-1: Foul Ball, location: 2F
2-2: Foul Ball, location: 2F
2-2: Foul Ball, location: 2F
2-2: Ball
3-2: Strikes out looking
Bottom of the 11th over - 0 run(s), 1 hit(s), 0 error(s), 1 left on base; West Palm 3 - Key West 2
This league is powered by Out of the Park Baseball, the baseball management simulation game for PC, Mac and Linux
Wednesday, December 2nd, 2015 - OOTP Baseball 16.8 Build 38